 Dungeon Crawl Stone Soup version 0.23.0-42-geed6394 (webtiles) character file.

Game seed: 864104815678988099

204700 fizz the Brawler (level 18, -1/188 HPs)
             Began as a Troll Fighter on Feb 28, 2019.
             Was the Champion of Okawaru.
             Killed from afar by a lich (illusionary) (28 damage)
             ... with a bolt of cold
             ... on level 2 of the Depths.
             The game lasted 01:45:43 (29447 turns).

fizz the Brawler (Troll Fighter)                   Turns: 29447, Time: 01:45:43

Health: -1/188     AC: 27    Str: 33    XL:     18   Next: 2%
Magic:  1/25       EV:  9    Int: 14    God:    Okawaru [******]
Gold:   3204       SH: 16    Dex: 10    Spells: 23/27 levels left

rFire    + . .     SeeInvis .     - Unarmed
rCold    x . .     Gourm    +   b - +0 shield
rNeg     + . .     Faith    .   Y - +1 storm dragon scales
rPois    +         Spirit   .   W - +2 hat {MR+}
rElec    +         Reflect  +   y - +2 ratskin cloak {+Rats rPois rN+ Str-1 Int-1 Dex+1}
rCorr    .         Harm     .   (gloves unavailable)
MR       ++...                  (boots unavailable)
Stlth    ..........             E - +4 amulet of reflection
HPRegen  0.81/turn              a - ring of wizardry
MPRegen  0.19/turn              n - ring of Lucidity {*Drain rF+ rC- Int+8 Stlth+}

@: slowed, very slow
A: large, unfitting armour, claws 3, talons 1, rugged brown scales 1, clever 1,
fast metabolism 3, gourmand, regeneration 1, robust 1, shaggy fur 1, tough skin
3, sturdy frame 1
}: 1/15 runes: gossamer
a: Heroism, Finesse, Renounce Religion, Evoke Ratskin


You were on level 2 of the Depths.
You worshipped Okawaru.
Okawaru was exalted by your worship.
You were completely stuffed.

You visited 6 branches of the dungeon, and saw 30 of its levels.
You also visited: Gauntlet.

You collected 3204 gold pieces.

Inventory:

Hand Weapons
 k - the +2 war axe of Disaster {freeze, rF+ Int+4}
   (You found it on level 14 of the Dungeon)

   It has been specially enchanted to freeze those struck by it, causing extra
   injury to most foes and up to half again as much damage against particularly
   susceptible opponents.
   It can also slow down cold-blooded creatures.
   It affects your intelligence (+4).
   It protects you from fire.
 L - a +5 scimitar of flaming
Missiles
 g - 24 large rocks (quivered)
 N - 3 throwing nets
 V - 6 tomahawks of dispersal
Armour
 b - a +0 shield (worn)
 u - a +2 cloak of magic resistance
 y - the +2 ratskin cloak (worn) {+Rats rPois rN+ Str-1 Int-1 Dex+1}
   (You found it on level 5 of the Dungeon)

   It affects your strength (-1).
   It affects your intelligence (-1).
   It affects your dexterity (+1).
   It protects you from poison.
   It protects you from negative energy.
 M - a +2 robe of fire resistance
 R - a +4 troll leather armour
 W - a +2 hat of magic resistance (worn)
 Y - +1 storm dragon scales (worn)
Jewellery
 a - a ring of wizardry (left claw)
 n - the ring of Lucidity (right claw) {*Drain rF+ rC- Int+8 Stlth+}
   (You found it on level 12 of the Dungeon)

   [ring of protection from fire]

   It affects your intelligence (+8).
   It protects you from fire.
   It makes you vulnerable to cold.
   It causes draining when unequipped.
   It makes you more stealthy.
 q - a +6 ring of intelligence
 t - an uncursed ring of protection from fire
 E - a +4 amulet of reflection (around neck)
 F - an uncursed amulet of rage
 T - the ring "Xiudev" {*Tele +Inv Str+2 Dex+4}
   (You found it in a Gauntlet)

   [ring of teleportation]

   It may teleport you next to monsters.
   It affects your strength (+2).
   It affects your dexterity (+4).
   It lets you turn invisible.
 Z - the ring of Checkmate {rPois rC+ Stlth-}
   (You took it off a spriggan defender on level 1 of the Depths)

   [ring of attention]

   It protects you from cold.
   It protects you from poison.
   It makes you less stealthy.
Wands
 x - a wand of iceblast (39)
 G - a wand of clouds (6)
 H - a wand of acid (31)
 Q - a wand of paralysis (9)
 S - a wand of disintegration (28)
 X - a wand of digging (4)
Scrolls
 h - 15 scrolls of teleportation
 i - 5 scrolls of fear
 m - 17 scrolls of remove curse
 w - a scroll of silence
 z - 4 scrolls of magic mapping
 C - 4 scrolls of identify
 K - a scroll of fog
 O - 4 scrolls of blinking
Potions
 c - 3 potions of might
 e - 2 potions of resistance
 f - a potion of cancellation
 j - 5 potions of brilliance
 l - 6 potions of flight
 o - a potion of berserk rage
 p - 2 potions of heal wounds
 s - 3 potions of curing
 A - 4 potions of ambrosia
 D - 2 potions of haste
 I - 5 potions of agility
 U - 3 potions of magic
Miscellaneous
 r - 2 boxes of beasts
 v - a lightning rod (4/4)
 P - a lamp of fire
Comestibles
 d - 56 rations
 B - 5 chunks of flesh


   Skills:
 + Level 8.0 Fighting
 - Level 2.0 Long Blades
 - Level 5.6 Throwing
 + Level 12.7 Armour
 - Level 2.6 Dodging
 - Level 9.0 Shields
 - Level 19.6 Unarmed Combat
 - Level 5.4 Spellcasting
 - Level 6.2 Summonings
 - Level 5.7 Air Magic
 - Level 8.3 Invocations
 - Level 5.0 Evocations


You had 23 spell levels left.
You knew the following spells:

 Your Spells              Type           Power        Failure   Level  Hunger
a - Summon Lightning Spi  Summ/Air       ###.....     13%         4    ####...

Your spell library contained the following spells:

 Spells                   Type           Power        Failure   Level  Hunger
 Summon Butterflies       Summ           ###.....     1%          1    None
 Summon Small Mammal      Summ           ###.         1%          1    None
 Poisonous Vapours        Pois/Air       ##....       8%          2    ##.....
 Summon Guardian Golem    Hex/Summ       ##......     13%         3    ###....
 Animate Skeleton         Necr           N/A          16%         1    None
 Apportation              Tloc           #.....       16%         1    None
 Beastly Appendage        Tmut           #.....       16%         1    None
 Confusing Touch          Hex            #.....       16%         1    None
 Sting                    Conj/Pois      #...         16%         1    None
 Mephitic Cloud           Conj/Pois/Air  #.......     21%         3    ###....
 Corpse Rot               Necr           N/A          24%         2    ##.....
 Sticks to Snakes         Tmut           #.......     24%         2    ##.....
 Aura of Abjuration       Summ           ###.......   32%         5    ######.
 Lesser Beckoning         Tloc           #.........   41%         3    ###....
 Spider Form              Tmut/Pois      #.........   41%         3    ###....
 Tukima's Dance           Hex            #.......     41%         3    ###....
 Summon Mana Viper        Hex/Summ       ##......     73%         5    ######.
 Ice Form                 Ice/Tmut       #.......     80%         4    ####...
 Olgreb's Toxic Radiance  Pois           #.......     80%         4    ####...
 Alistair's Intoxication  Tmut/Pois      #.......     98%         5    ######.
 Blade Hands              Tmut           #.........   98%         5    ######.
 Bolt of Magma            Conj/Fire/Erth #.........   98%         5    ######.
 Iskenderun's Battlesphe  Conj/Chrm      #.......     98%         5    ######.
 Venom Bolt               Conj/Pois      #.........   98%         5    ######.
 Freezing Cloud           Conj/Ice/Air   #.........   100%        6    #######
 Invisibility             Hex            #.......     100%        6    #######
 Iron Shot                Conj/Erth      #.........   100%        6    #######
 Orb of Destruction       Conj           #.........   100%        7    #######
 Spellforged Servitor     Conj/Summ      ##........   100%        7    #######
 Dragon's Call            Summ           ###.......   100%        9    #######


Dungeon Overview and Level Annotations

Branches:
Dungeon (15/15)            Temple (1/1) D:7            Lair (6/6) D:8
  Swamp (0/4) Lair:3       Spider (4/4) Lair:4        Slime (0/5) Lair:5
    Orc (2/2) D:9             Elf (0/3) Orc:2        Vaults (0/5) D:13
 Depths (2/5) D:15

Altars:
Ashenzari
Cheibriados
Dithmenos
Elyvilon
Fedhas
Gozag
Hepliaklqana
Kikubaaqudgha
Makhleb
Nemelex Xobeh
Okawaru
Qazlal
Ru
Sif Muna
Trog
Uskayaw
Vehumet
Wu Jian
Xom
Yredelemnul
Zin
The Shining One
Beogh
Jiyva

Shops:
Orc:2 :(=[

Portals:
Hell: Depths:1

Annotations:
D:10 exclusion: downstairs
D:12 1 runed translucent door, coffeespoons's ghost, journeyman DDFi
D:14 exclusion: downstairs
D:15 1 runed translucent door


Innate Abilities, Weirdness & Mutations

You are too large for most types of armour.
You have claws for hands.
Your metabolism is lightning-fast.
You like to eat raw meat.
Your natural rate of healing is unusually fast.
You are covered in fur. (AC +1)
You have extremely tough skin. (AC +3)
You have sharp toenails.
You are partially covered in rugged brown scales. (AC +1, +3% HP)
Your mind is acute. (Int +2)
You are robust. (+10% HP)
Your movements are slightly less encumbered by armour. (ER -2)


Message History

Something hits you but does no damage.
You hear some strange, mumbled words.
The lich gestures wildly while chanting.
The lich flickers and vanishes!
The rakshasa weaves an illusion.
You hear some strange, mumbled words.
Something hits you!
You feel your power leaking away.
You hear some strange, mumbled words.
A bolt of cold appears from out of thin air!
The bolt of cold hits something.
The bolt of cold hits you!!!!
You feel a terrible chill!
* * * LOW HITPOINT WARNING * * *
Something touches you but does no damage.
You hear some strange, mumbled words.
A bolt of cold appears from out of thin air!
The bolt of cold hits the Hell Sentinel.
The Hell Sentinel completely resists.
The bolt of cold hits you!!
You feel a terrible chill!
You die...

#......# #......#
#......# ##......#
#.......###
#.........#
#.........##
#.......##.# #
#...@...#.## #(
#........## ##).
.#.....1.## ##...
..........# ##....
###.(...1{#
##..... ..###{#.R#
##.....#
......#C..#
##.....## ..
#..#...# ##.....##
#..#...####.....##


You could see 2 Hell Sentinels, an ettin and a rakshasa.

Vanquished Creatures
  Agnes (D:15)
  Gastronok (Lair:2)
  Kirke (Spider:4)
  A fire giant (Depths:1)
  5 ghost moths
  6 emperor scorpions
  An orc warlord (Orc:2)
  A spriggan defender (Depths:1)
  2 stone giants
  5 very ugly things
  2 vampire knights
  A minotaur (Gauntlet)
  2 entropy weavers (Spider:2)
  4 spark wasps (Spider:4)
  Josephine (D:15)
  A yaktaur captain (Depths:1)
  Snorg (Lair:4)
  2 ettins (Depths:2)
  2 fire dragons
  Erolcha (D:9)
  8 hydras
  3 great orbs of eyes
  4 ice dragons
  9 two-headed ogres
  Erica (D:8)
  2 dancing weapons (D:13)
  6 centaur warriors
  9 deep troll earth magi
  An ogre mage (Depths:1)
  4 deep troll shamans
  5 death yaks
  A queen ant (Spider:2)
  4 tengu warriors
  A fire crab (Lair:2)
  Sonja (Lair:2)
  2 unseen horrors
  A flayed ghost (Depths:1)
  11 deep trolls
  A lindwurm (Lair:6)
  A wizard (Depths:1)
  A necromancer (Depths:1)
  Pikel (D:4)
  2 phantasmal warriors (Depths:1)
  28 wolf spiders
  6 orc knights (Orc:2)
  9 orb spiders
  An oklob plant (Lair:2)
  An orc sorcerer (Orc:2)
  14 ugly things
  3 cyclopes
  3 manticores
  11 black mambas
  A guardian serpent (Lair:6)
  5 elephants
  A moth of wrath (Spider:4)
  Joseph (D:7)
  An elf zombie (Depths:1)
  6 torpor snails
  19 spiny frogs
  A frost giant skeleton (Depths:1)
  3 rime drakes
  A yaktaur (Depths:1)
  A hellion (Gauntlet)
  A rime drake (shapeshifter) (D:13)
  10 demonic crawlers
  8 komodo dragons
  An ice devil (Gauntlet)
  A harpy zombie (D:15)
  23 jumping spiders
  2 tengu conjurers
  7 trolls
  4 tyrant leeches (Lair:6)
  2 polar bears
  19 hornets
  An ettin zombie (Depths:1)
  5 blink frogs
  9 slime creatures
  7 dream sheep (Lair:4)
  A spriggan zombie (Depths:1)
  9 hippogriffs
  Sigmund (D:6)
  62 redbacks
  A vampire (D:11)
  A shadow (D:12)
  6 wraiths
  30 tarantellas
  11 wyverns
  40 yaks
  7 hogs
  A fire elemental (D:15)
  2 basilisks
  A human (D:7)
  3 hungry ghosts
  11 vampire mosquitoes
  A golden eye (Gauntlet)
  9 wargs (Orc:2)
  2 acid dragons
  10 soldier ants
  23 water moccasins
  9 porcupines
  A black bear (D:7)
  4 sky beasts
  A swamp drake (D:9)
  47 orc warriors
  A necrophage (D:10)
  6 ice beasts
  5 phantoms
  14 ogres
  8 wolves
  9 centaurs
  14 crocodiles
  3 big kobolds
  17 bullfrogs
  2 wyvern zombies
  6 scorpions
  31 killer bees
  4 electric eels
  9 wights (D:12)
  2 howler monkeys
  5 crimson imps
  A bullfrog zombie (D:9)
  A quasit (D:10)
  3 centaur zombies
  7 hounds
  26 orc priests
  3 jellies
  5 centaur skeletons
  26 orc wizards
  4 bullfrog skeletons
  A gnoll shaman (D:6)
  Ijyb (D:3)
  Natasha (twice) (D:2)
  2 iguanas (D:9)
  32 worker ants
  3 hell rats (D:5)
  A hound skeleton (D:9)
  2 worker ant zombies
  Robin (D:4)
  18 adders
  4 river rats (D:5)
  4 shadow imps
  4 white imps (Gauntlet)
  2 oozes
  2 adder skeletons
  An adder zombie (D:6)
  4 worms
  2 dart slugs
  10 leopard geckos
  109 orcs
  6 giant cockroaches
  13 goblins
  14 hobgoblins
  13 jackals
  11 quokkas
  2 ball pythons
  A ball python zombie (D:5)
  4 bats
  7 frilled lizards
  A jackal skeleton (D:6)
  18 kobolds
  21 rats
  2 plants
1160 creatures vanquished.

Vanquished Creatures (collateral kills)
  A wolf spider (Spider:2)
  A queen bee (D:11)
  2 jumping spiders (Spider:4)
  A redback (Spider:3)
  4 killer bees (D:11)
  A jackal (D:11)
10 creatures vanquished.

Vanquished Creatures (others)
  An orb spider (Spider:4)
  A human (Spider:4)
  An orc warrior (Orc:2)
  A sky beast (D:10)
  2 centaurs
  An orc wizard (Orc:1)
  An orc (D:9)
  23 fungi (Lair:6)
  14 plants
45 creatures vanquished.

Grand Total: 1215 creatures vanquished

Notes
Turn   | Place    | Note
-------+----------+-------------------------------------------
     0 | D:1      | fizz the Troll Fighter began the quest for the Orb.
     0 | D:1      | Reached XP level 1. HP: 22/22 MP: 0/0
   156 | D:1      | Reached XP level 2. HP: 24/29 MP: 1/1
   782 | D:2      | Noticed Natasha
   783 | D:2      | Noticed a crimson imp
   789 | D:2      | Reached XP level 3. HP: 25/36 MP: 2/2
   841 | D:2      | Killed Natasha
   841 | D:2      | Reached XP level 4. HP: 45/45 MP: 3/3
   936 | D:2      | Reached skill level 3 in Unarmed Combat
  1746 | D:2      | Noticed Natasha
  1751 | D:2      | Killed Natasha
  1751 | D:2      | Reached XP level 5. HP: 37/53 MP: 4/4
  1888 | D:3      | Noticed Ijyb
  1894 | D:3      | Killed Ijyb
  1998 | D:3      | Reached skill level 4 in Unarmed Combat
  2490 | D:4      | Noticed a slave
  2491 | D:4      | Noticed a slave
  2492 | D:4      | Noticed Pikel
  2516 | D:4      | Killed Pikel
  2516 | D:4      | Reached skill level 6 in Unarmed Combat
  2516 | D:4      | Reached XP level 6. HP: 29/61 MP: 5/5
  2516 | D:4      | Reached XP level 7. HP: 32/67 MP: 6/6
  2790 | D:4      | Noticed Robin
  2810 | D:4      | Killed Robin
  3179 | D:4      | Reached skill level 7 in Unarmed Combat
  3413 | D:5      | Entered Level 5 of the Dungeon
  3431 | D:5      | Reached XP level 8. HP: 54/75 MP: 7/7
  3657 | D:5      | Reached skill level 5 in Shields
  3829 | D:5      | Found the +2 ratskin cloak {+Rats rPois rN+ Str-1 Int-1
                  | Dex+1}
  3832 | D:5      | Reached skill level 8 in Unarmed Combat
  4132 | D:5      | Reached skill level 1 in Evocations
  4390 | D:6      | Reached skill level 9 in Unarmed Combat
  4833 | D:6      | Noticed Sigmund
  4840 | D:6      | Killed Sigmund
  4840 | D:6      | Reached XP level 9. HP: 66/83 MP: 9/9
  4995 | D:6      | Found a radiant altar of Vehumet.
  5295 | D:6      | Reached skill level 10 in Unarmed Combat
  5627 | D:7      | Found a staircase to the Ecumenical Temple.
  5651 | D:7      | Reached skill level 11 in Unarmed Combat
  5663 | D:7      | Reached XP level 10. HP: 78/92 MP: 11/11
  5728 | Temple   | Entered the Ecumenical Temple
  5884 | Temple   | Became a worshipper of Warmaster Okawaru
  6029 | D:7      | Noticed Joseph
  6041 | D:7      | Killed Joseph
  6082 | D:7      | Found a shadowy altar of Dithmenos.
  6456 | D:7      | Found a shadowy altar of Dithmenos.
  6682 | D:8      | Found a blossoming altar of Fedhas.
  6901 | D:8      | Reached * piety under Okawaru
  7002 | D:8      | Noticed a two-headed ogre
  7015 | D:8      | Killed a two-headed ogre
  7015 | D:8      | Reached skill level 12 in Unarmed Combat
  7159 | D:8      | Noticed a two-headed ogre
  7166 | D:8      | Killed a two-headed ogre
  7186 | D:8      | Noticed a two-headed ogre
  7196 | D:8      | Killed a two-headed ogre
  7196 | D:8      | Reached ** piety under Okawaru
  7222 | D:8      | Found an iron altar of Okawaru.
  7325 | D:8      | Reached XP level 11. HP: 100/100 MP: 13/13
  7380 | D:8      | Found a staircase to the Lair.
  7390 | D:8      | Noticed Erica
  7397 | D:8      | Killed Erica
  7539 | D:8      | Found a sacrificial altar of Ru.
  7809 | D:9      | Reached *** piety under Okawaru
  7999 | D:9      | Found a staircase to the Orcish Mines.
  8136 | D:9      | Found a white marble altar of Elyvilon.
  8137 | D:9      | Found a hazy altar of Hepliaklqana.
  8137 | D:9      | Found a sparkling altar of Nemelex Xobeh.
  8143 | D:9      | Found a shadowy altar of Dithmenos.
  8185 | D:9      | Noticed Erolcha
  8195 | D:9      | Paralysed by Erolcha for 3 turns
  8201 | D:9      | Killed Erolcha
  8201 | D:9      | Reached skill level 13 in Unarmed Combat
  8214 | D:9      | Identified the Incunabulum of Autotheism
  8271 | D:9      | Gained mutation: Your spells are a little easier to cast,
                  | but a little less powerful. [potion of mutation]
  8271 | D:9      | Gained mutation: You are weak. (Str -2) [potion of
                  | mutation]
  8271 | D:9      | Gained mutation: You evolve. [potion of mutation]
  8428 | D:10     | Entered Level 10 of the Dungeon
  8506 | D:10     | Reached **** piety under Okawaru
  8610 | D:10     | Noticed a centaur warrior
  8622 | D:10     | Killed a centaur warrior
  8787 | D:10     | Reached skill level 5 in Evocations
  9147 | D:11     | Noticed a seven-headed hydra
  9315 | D:11     | Reached skill level 1 in Invocations
  9388 | D:11     | Killed a one-headed hydra
  9399 | D:11     | Reached ***** piety under Okawaru
  9473 | D:11     | Reached skill level 1 in Long Blades
  9724 | D:11     | Reached XP level 12. HP: 82/109 MP: 10/14
  9924 | D:11     | Reached skill level 14 in Unarmed Combat
 10110 | D:11     | Received a gift from Okawaru
 10632 | D:12     | Found a runed translucent door.
 10643 | D:12     | Noticed coffeespoons's ghost (journeyman DDFi)
 10721 | D:12     | Got a scintillating silver ring
 10741 | D:12     | Noticed a two-headed ogre
 10749 | D:12     | Killed a two-headed ogre
 10847 | D:12     | Reached skill level 1 in Armour
 11193 | D:12     | Noticed a two-headed ogre
 11196 | D:12     | Killed a two-headed ogre
 11196 | D:12     | Reached skill level 15 in Unarmed Combat
 11265 | D:12     | Gained mutation: You are partially covered in rugged brown
                  | scales. (AC +1, +3% HP) [evolution]
 11306 | D:12     | Lost mutation: You are weak. (Str -2) [potion of mutation]
 11306 | D:12     | Gained mutation: Your body sometimes deteriorates upon
                  | taking damage. [potion of mutation]
 11306 | D:12     | Gained mutation: You have large cloven feet. [potion of
                  | mutation]
 11307 | D:12     | Lost mutation: Your spells are a little easier to cast, but
                  | a little less powerful. [potion of mutation]
 11307 | D:12     | Lost mutation: You have large cloven feet. [potion of
                  | mutation]
 11307 | D:12     | Lost mutation: You evolve. [potion of mutation]
 11307 | D:12     | Gained mutation: You are partially covered in iridescent
                  | scales. (AC +2) [potion of mutation]
 11308 | D:12     | Lost mutation: Your body sometimes deteriorates upon taking
                  | damage. [potion of mutation]
 11308 | D:12     | Lost mutation: You are partially covered in iridescent
                  | scales. (AC +2) [potion of mutation]
 11308 | D:12     | Gained mutation: You are robust. (+10% HP) [potion of
                  | mutation]
 11308 | D:12     | Gained mutation: Your movements are slightly less
                  | encumbered by armour. (ER -2) [potion of mutation]
 11308 | D:12     | Gained mutation: You are dopey. (Int -2) [potion of
                  | mutation]
 11308 | D:12     | Gained mutation: Your spells are a little harder to cast,
                  | but a little more powerful. [potion of mutation]
 11537 | D:13     | Found an opulent altar of Gozag.
 11571 | D:13     | Identified the ring of Lucidity {*Drain rF+ rC- Int+8
                  | Stlth+} (You found it on level 12 of the Dungeon)
 11602 | D:13     | Noticed a tengu warrior
 11603 | D:13     | Noticed a tengu warrior
 11618 | D:13     | Killed a tengu warrior
 11627 | D:13     | Killed a tengu warrior
 11737 | D:13     | Noticed a tengu warrior
 11746 | D:13     | Killed a tengu warrior
 11878 | D:13     | Found a gate to the Vaults.
 11886 | D:13     | Reached skill level 5 in Invocations
 11886 | D:13     | Reached XP level 13. HP: 110/132 MP: 15/15
 11909 | D:13     | Reached ****** piety under Okawaru
 11909 | D:13     | Received a gift from Okawaru
 12361 | D:14     | Reached skill level 16 in Unarmed Combat
 12524 | D:14     | Found a gate leading to a gauntlet.
 12531 | Gauntlet | Entered a Gauntlet
 12531 | Gauntlet | Found a transporter.
 12531 | Gauntlet | Found a runed translucent gate.
 12531 | Gauntlet | Found a transporter.
 12533 | Gauntlet | Found a runed translucent gate.
 12533 | Gauntlet | Found a transporter.
 12533 | Gauntlet | Found a transporter.
 12534 | Gauntlet | Found a runed translucent gate.
 12537 | Gauntlet | Found a transporter.
 12537 | Gauntlet | Found a transporter.
 12595 | Gauntlet | Found a transporter.
 12599 | Gauntlet | Found a transporter.
 12611 | Gauntlet | Found a transporter.
 12623 | Gauntlet | Noticed a cacodemon
 12626 | Gauntlet | Found a transporter.
 12640 | Gauntlet | Found a transporter.
 12644 | Gauntlet | Found a transporter.
 12803 | Gauntlet | Got a steaming copper ring
 12811 | Gauntlet | Identified the ring "Xiudev" {*Tele +Inv Str+2 Dex+4} (You
                  | found it in a Gauntlet)
 12848 | Gauntlet | Noticed a minotaur
 12865 | Gauntlet | Killed a minotaur
 12880 | Gauntlet | Identified the Disquisition on Creative Sinister Rites
 12882 | Gauntlet | Got a warped robe
 12893 | Gauntlet | Identified the +1 robe of Ruwuj {Str+4} (You found it in a
                  | Gauntlet)
 12938 | Gauntlet | Lost mutation: You are dopey. (Int -2) [potion of mutation]
 12938 | Gauntlet | Lost mutation: Your spells are a little harder to cast, but
                  | a little more powerful. [potion of mutation]
 12938 | Gauntlet | Gained mutation: You have sharp toenails. [potion of
                  | mutation]
 12938 | Gauntlet | Gained mutation: Your mind is acute. (Int +2) [potion of
                  | mutation]
 13177 | D:14     | Received a gift from Okawaru
 13177 | D:14     | Reached skill level 5 in Fighting
 13212 | D:14     | Got a smoking war axe
 13432 | D:15     | Entered Level 15 of the Dungeon
 13492 | D:15     | Noticed Josephine
 13508 | D:15     | Killed Josephine
 13721 | D:15     | Identified the +2 war axe of Disaster {freeze, rF+ Int+4}
                  | (You found it on level 14 of the Dungeon)
 13812 | D:15     | Reached skill level 17 in Unarmed Combat
 14023 | D:15     | Noticed Agnes
 14041 | D:15     | Killed Agnes
 14044 | D:15     | Reached XP level 14. HP: 68/144 MP: 9/17
 14055 | D:15     | Reached skill level 5 in Armour
 14149 | D:15     | Found a runed translucent door.
 14150 | D:15     | Noticed a sphinx
 14190 | D:15     | Found a staircase to the Depths.
 14358 | Lair:1   | Entered Level 1 of the Lair of Beasts
 14473 | Lair:1   | Received a gift from Okawaru
 14476 | Lair:1   | Got a transparent double sword {god gift}
 14477 | Lair:1   | Identified the +1 double sword of Tumult {freeze, Str+5}
                  | (Okawaru gifted it to you on level 1 of the Lair of Beasts)
 14711 | Lair:1   | Identified a scroll of acquirement
 15183 | Lair:2   | Noticed Sonja
 15192 | Lair:2   | Killed Sonja
 15253 | Lair:2   | Noticed Gastronok
 15262 | Lair:2   | Killed Gastronok
 15292 | Lair:2   | Learned a level 4 spell: Summon Lightning Spire
 15496 | Lair:2   | Got a jewelled arbalest
 15497 | Lair:2   | Identified the +9 arbalest "Ibeq" {elec, Dex+4} (You found
                  | it on level 2 of the Lair of Beasts)
 15719 | Lair:2   | Received a gift from Okawaru
 15787 | Lair:2   | Reached skill level 1 in Summonings
 15797 | Lair:2   | Reached skill level 1 in Air Magic
 16181 | Lair:3   | Reached skill level 18 in Unarmed Combat
 16181 | Lair:3   | Reached skill level 1 in Spellcasting
 16226 | Lair:3   | Found a staircase to the Swamp.
 16751 | Lair:4   | Noticed Snorg
 16762 | Lair:4   | Killed Snorg
 16890 | Lair:4   | Found a hole to the Spider Nest.
 17453 | Lair:5   | Found a viscous altar of Jiyva.
 17453 | Lair:5   | Found a staircase to the Slime Pits.
 17818 | Lair:6   | Entered Level 6 of the Lair of Beasts
 17846 | Lair:6   | Reached XP level 15. HP: 154/154 MP: 19/19
 18172 | Lair:6   | Received a gift from Okawaru
 18435 | Lair:6   | Found a runed translucent door.
 18510 | Lair:6   | Paralysed by a hornet for 3 turns
 18859 | Lair:6   | Paralysed by a hornet for 3 turns
 19993 | Orc:1    | Entered Level 1 of the Orcish Mines
 20502 | Orc:2    | Entered Level 2 of the Orcish Mines
 20618 | Orc:2    | Reached skill level 1 in Throwing
 20645 | Orc:2    | Reached skill level 19 in Unarmed Combat
 20738 | Orc:2    | Found a roughly hewn altar of Beogh.
 20772 | Orc:2    | Noticed an orc warlord
 20790 | Orc:2    | Killed an orc warlord
 20790 | Orc:2    | Received a gift from Okawaru
 20819 | Orc:2    | Found Nasodo's Antique Weapon Shop.
 20835 | Orc:2    | Found Kiqoneikh's Book Emporium.
 20843 | Orc:2    | Received a gift from Okawaru
 21186 | Orc:2    | Found a staircase to the Elven Halls.
 21249 | Orc:2    | Found Ubuocof's Jewellery Emporium.
 21249 | Orc:2    | Found Pyntotuf's Armour Shop.
 21728 | Spider:1 | Entered Level 1 of the Spider Nest
 21928 | Spider:1 | Reached XP level 16. HP: 31/168 MP: 13/21
 22787 | Spider:2 | Received a gift from Okawaru
 23938 | Spider:3 | Received a gift from Okawaru
 24052 | Spider:3 | Got a pitted war axe
 24053 | Spider:3 | Identified the +4 war axe of Frustration {chop, Str+5} (You
                  | found it on level 3 of the Spider Nest)
 24068 | Spider:3 | Reached skill level 5 in Summonings
 24502 | Spider:4 | Entered Level 4 of the Spider Nest
 24843 | Spider:4 | Reached skill level 5 in Air Magic
 25035 | Spider:4 | Noticed Kirke
 25054 | Spider:4 | Received a gift from Okawaru
 25084 | Spider:4 | Killed Kirke
 25641 | Spider:4 | Reached skill level 5 in Spellcasting
 25846 | Spider:4 | Reached XP level 17. HP: 141/176 MP: 23/23
 26536 | Depths:1 | Entered Level 1 of the Depths
 26615 | Depths:1 | Received a gift from Okawaru
 26624 | Depths:1 | Reached skill level 5 in Throwing
 27141 | Depths:1 | Found a gateway to Hell.
 27401 | Depths:1 | Paralysed by a vampire knight for 3 turns
 27524 | Depths:1 | Received a gift from Okawaru
 27935 | Spider:4 | Reached skill level 10 in Armour
 28052 | Spider:4 | Got a gossamer rune of Zot
 28630 | Depths:1 | Identified the ring of Checkmate {rPois rC+ Stlth-}
 29404 | Depths:2 | Noticed a lich
 29423 | Depths:2 | Reached XP level 18. HP: 188/188 MP: 25/25
 29443 | Depths:2 | Noticed a Hell Sentinel
 29443 | Depths:2 | Noticed a Hell Sentinel
 29447 | Depths:2 | Killed from afar by a lich (illusionary)

Skill      XL: |  1  2  3  4  5  6  7  8  9 10 11 12 13 14 15 16 17 18 |
---------------+-------------------------------------------------------+-----
Shields        | 3 4 5 6 7 9 |  9.0
Fighting       | 3 4 5 6 7 8 |  8.0
Unarmed Combat | 3 6 7 9 11 12 13 15 17 18 19 | 19.6
Evocations     | 1 3 4 5 |  5.0
Invocations    | 2 5 6 7 8 |  8.3
Long Blades    | 1 2 |  2.0
Armour         | 3 4 6 8 12 | 12.7
Summonings     | 2 3 5 6 |  6.2
Air Magic      | 1 3 5 |  5.7
Spellcasting   | 1 2 5 |  5.4
Throwing       | 2 4 5 |  5.6
Dodging        | |  2.6

Action                   |  1- 3 |  4- 6 |  7- 9 | 10-12 | 13-15 | 16-18 || total
-------------------------+-------+-------+-------+-------+-------+-------++-------
Melee: Unarmed           |    56 |   150 |   410 |   850 |  1290 |   938 ||  3694
       Scimitar          |       |       |       |     7 |    26 |       ||    33
       Kick              |       |       |       |       |   398 |   308 ||   706
Throw: Large rock        |       |       |       |     1 |     4 |    50 ||    55
 Cast: Summon Lightning  |       |       |       |       |       |    11 ||    11
Invok: Heroism           |       |       |       |     1 |    16 |    13 ||    30
       Finesse           |       |       |       |       |    10 |     4 ||    14
 Abil: Evoke Ratskin     |       |       |       |     3 |       |       ||     3
       Evoke Invisibilit |       |       |       |       |     1 |       ||     1
Evoke: Wand              |       |       |       |       |     1 |     2 ||     3
  Use: Scroll            |       |       |    12 |    10 |    20 |     3 ||    45
       Potion            |       |       |       |     4 |     9 |       ||    13
 Stab: Sleeping          |       |       |       |     1 |    11 |     6 ||    18
       Invisible         |       |       |       |       |     7 |       ||     7
       Paralysed         |       |       |       |       |     1 |       ||     1
       Distracted        |       |       |       |       |     1 |     3 ||     4
  Eat: Chunk             |    11 |    17 |    30 |    64 |    91 |    65 ||   278
       Ration            |       |       |       |       |       |     2 ||     2
Armor: Robe              |    15 |    34 |    75 |   144 |       |       ||   268
       Troll leather arm |       |       |       |    57 |   392 |   348 ||   797
       Storm dragon scal |       |       |       |       |       |    84 ||    84
Dodge: Dodged            |    13 |    42 |    76 |   174 |   321 |   265 ||   891
Block: Shield            |    18 |    61 |   217 |   507 |   825 |   611 ||  2239
       Reflection        |       |       |     6 |    24 |     8 |    16 ||    54
       Rpst.: Scimitar   |       |       |       |     1 |     3 |       ||     4
